 Dungeon Crawl Stone Soup version 0.28-a0-957-g42eb19b844 (webtiles) character file.

Game seed: 14946077587767319966

67 deadmanwalking the Conjurer (level 3, -2/19 HPs)
             Began as a Deep Elf Conjurer on Nov 30, 2021.
             Slain by a worm (10 damage)
             ... on level 2 of the Dungeon.
             The game lasted 00:03:24 (1696 turns).

deadmanwalking the Conjurer (Deep Elf Conjurer)     Turns: 1696, Time: 00:03:25

Health: -2/19      AC:  3    Str:  4    XL:     3   Next: 98%
Magic:  0/11       EV: 12    Int: 24    God:
Gold:   42         SH:  0    Dex: 13    Spells: 8/11 levels left

rFire   . . .      SeeInvis .   b - +0 dagger
rCold   . . .      Faith    .   (no shield)
rNeg    . . .      Spirit   .   a - +0 robe
rPois   .          Reflect  .   h - +0 helmet
rElec   .          Harm     .   (no cloak)
rCorr   .          Rampage  .   (no gloves)
Will    .....                   (no boots)
Stlth   ++........              (no amulet)
HPRegen 0.06/turn               (no ring)
MPRegen 0.12/turn               (no ring)

@: no status effects
A: no striking features
a: no special abilities


You were on level 2 of the Dungeon.
You visited 1 branch of the dungeon, and saw 2 of its levels.

You collected 42 gold pieces.

Inventory:

Hand Weapons
 b - a +0 dagger (weapon)
Missiles
 d - 55 stones
 j - 21 bolts
Armour
 a - a +0 robe (worn)
 h - a +0 helmet (worn)
Jewellery
 i - a +6 ring of intelligence
Potions
 c - a potion of lignification
 e - a potion of curing
 f - a potion of cancellation
 g - a potion of mutation {unknown}


   Skills:
 - Level 2.4 Dodging
 - Level 2.4 Stealth
 + Level 4.6 Spellcasting
 + Level 5.3 Conjurations


You had 8 spell levels left.
You knew the following spells:

 Your Spells              Type           Power      Damage    Failure   Level
a - Magic Dart            Conj           100%       1d8       1%          1
b - Searing Ray           Conj           62%        2d6       1%          2

Your spell library contained the following spells:

 Spells                   Type           Power      Damage    Failure   Level
 Dazzling Flash           Conj/Hex       36%        N/A       9%          3
 Fulminant Prism          Conj/Hex       9%         3d7       30%         4
 Iskenderun's Mystic Bla  Conj/Tloc      18%        2d6       30%         4


Dungeon Overview and Level Annotations

Branches:
Dungeon (2/15)

Altars:


Message History

Unknown command.
Casting: Searing Ray (safe; 1% risk of failure)
Confirm with . or Enter, or press ? or * to list all spells.
Aiming: Searing Ray (safe; 1% risk of failure)
Press: ? - help, Shift-Dir - straight line, f - worm
Aim: a worm (93% to hit)
The searing ray hits the worm.
The worm is lightly wounded. (Press . to maintain the ray.)
The searing ray hits the worm!
The worm is heavily wounded.
The searing ray hits the worm!
The worm is severely wounded.
The searing ray hits the worm.
The worm is almost dead.
You finish channelling your searing ray.
Unknown command.
Casting: Searing Ray (safe; 1% risk of failure)
Confirm with . or Enter, or press ? or * to list all spells.
You don't have enough magic to cast this spell.
Unknown command.
Casting: Searing Ray (safe; 1% risk of failure)
Confirm with . or Enter, or press ? or * to list all spells.
Aiming: Magic Dart (safe; 1% risk of failure)
Press: ? - help, Shift-Dir - straight line, f/p - worm
Aim: a worm (almost dead, 100% to hit)
The magic dart hits the worm.
The worm is almost dead.
The worm bites you!
You barely miss the worm.
The worm is almost dead.
You hit the worm but do no damage.
The worm is almost dead.
The worm bites you!
Ouch! That really hurt!
You die...

#.# #.# #. #.# #.# ##.## ###.#
##### #.####...## ##...##.#...#
#.........### ...#... #.#.#
######...###.
#...####.#.###############.####.
###.......#....w@.....>.......##.
.......#######......#########.##.
.....).)..#....####.#########.##.
###w###.#)#.#### #............#.
#.# #.#.#.# ###########..## #.#
#)#...# #..# #w###.##### #..#
#...w.# #..# ####..# #..#


You could see a worm.

Vanquished Creatures
  Robin (D:2)
  A dart slug (D:2)
  5 ball pythons
  2 endoplasms (D:1)
  A giant cockroach (D:1)
  13 goblins
  8 hobgoblins
  2 jackals (D:1)
  3 kobolds (D:1)
  3 quokkas
  3 bats (D:1)
  A frilled lizard (D:1)
  4 rats
47 creatures vanquished.

Notes
Turn   | Place    | Note
-------+----------+-------------------------------------------
     0 | D:1      | deadmanwalking the Deep Elf Conjurer began the quest for
                  | the Orb.
     0 | D:1      | Reached XP level 1. HP: 10/10 MP: 6/6
   255 | D:1      | Reached XP level 2. HP: 15/15 MP: 5/8
   258 | D:1      | Learned a level 2 spell: Searing Ray
   501 | D:1      | Found a faded altar of an unknown god.
  1008 | D:1      | Reached XP level 3. HP: 19/19 MP: 7/10
  1013 | D:1      | Reached skill level 5 in Conjurations
  1617 | D:2      | Noticed Robin
  1621 | D:2      | Killed Robin
  1696 | D:2      | Slain by a worm

Illustrated notes

Levels and vault maps discovered:
D:1:      minmay_arrival_semitransparent, layout_loops_ring,
          basic_ecumenical_altar, chequers_serial_rivers_room_a,
          minmay_misc_feat_nine_boxes, minmay_fountain_box,
          minmay_three_crescents
D:2:      layout_loops_ring, uniq_robin

Skill      XL: |  1  2  3 |
---------------+----------+-----
Spellcasting   | 4 |  4.6
Conjurations   | 5 |  5.3
Dodging        | |  2.4
Stealth        | |  2.4

Action                   || total
-------------------------++-------
Melee: Dagger            ||     3
 Cast: Magic Dart        ||    65
       Searing Ray       ||     6
  Use: Scroll            ||     5
Armor: Robe              ||     1
Dodge: Dodged            ||     8

Table legend: (Time is in decaauts)
 A = Elapsed time spent in this place.
 B = Non-inter-level travel time spent in this place.
 C = Inter-level travel time spent in this place.
 D = Time resting spent in this place.
 E = Time spent auto-exploring this place.
 F = Levels seen in this place.
 G = Mean time per level.
                   A        B        C        D        E       F      G
               +--------+--------+--------+--------+--------+-----+--------+
         Total |   1696 |   1660 |     36 |      0 |   1409 |   2 |  848.0 |
       Dungeon |   1696 |   1660 |     36 |      0 |   1409 |   2 |  848.0 |
               +--------+--------+--------+--------+--------+-----+--------+

Top non-repeatable levels by time:
     D:1: 1315 daAuts
     D:2: 381 daAuts
